 Dungeon Crawl Stone Soup version 0.27-a0-650-g8dd3ea4f36 (webtiles) character file.

Game seed: 14862210448171725304

2622 sahdkjhfkaj the Chopper (level 9, -1/82 HPs)
             Began as a Naga Fighter on Mar 16, 2021.
             Was an Initiate of Gozag.
             Slain by a yak (12 damage)
             ... on level 9 of the Dungeon.
             The game lasted 00:07:56 (10166 turns).

sahdkjhfkaj the Chopper (Naga Fighter)             Turns: 10166, Time: 00:07:56

Health: -1/82      AC:  8    Str: 22    XL:     9   Next: 60%
Magic:  9/9        EV:  9    Int:  8    God:    Gozag
Gold:   719        SH: 10    Dex: 11    Spells: 8/8 levels left

rFire    . . .     SeeInvis +   a - +0 war axe
rCold    . . .     Faith    .   c - +0 kite shield
rNeg     . . .     Spirit   .   d - +0 chain mail
rPois    +         Reflect  .   (no helmet)
rElec    .         Harm     .   (no cloak)
rCorr    .         Rampage  .   (no gloves)
Will     +....                  (no barding)
Stlth    ..........             (no amulet)
HPRegen  0.23/turn              f - ring of wizardry
MPRegen  0.11/turn              r - +4 ring of evasion

@: very slow
A: AC +3, large, see invisible, deformed body, poison resistance, slowness 2,
spit poison 1, naga tail 1
a: Spit Poison, Renounce Religion, Potion Petition, Call Merchant, Bribe Branch


You were on level 9 of the Dungeon.
You worshipped Gozag.
Gozag was pleased with you.
You visited 1 branch of the dungeon, and saw 9 of its levels.

You collected 821 gold pieces.
You paid 102 gold pieces to Gozag.

Inventory:

Hand Weapons
 a - a +0 war axe (weapon)
Armour
 c - a +0 kite shield (worn)
 d - a +0 chain mail (worn)
Jewellery
 f - a ring of wizardry (right hand)
 r - a +4 ring of evasion (left hand)
 w - a ring of resist corrosion
 x - a ring of see invisible
 G - a ring of flight
Wands
 q - a wand of acid (5)
 v - a wand of digging (10)
 y - a wand of polymorph (7)
 I - a wand of paralysis (4)
Scrolls
 e - 2 scrolls of fear
 k - 10 scrolls of teleportation
 l - a scroll of magic mapping {unknown}
 m - 2 scrolls of enchant weapon
 s - a scroll of immolation {unknown}
 u - a scroll of noise {unknown}
 z - a scroll of enchant armour {unknown}
 C - a scroll of fog
 E - a scroll of amnesia {unknown}
 F - a scroll of summoning {unknown}
Potions
 b - 4 potions of brilliance {unknown}
 g - a potion of degeneration {unknown}
 h - 2 potions of magic {unknown}
 i - a potion of berserk rage {unknown}
 j - a potion of cancellation {unknown}
 o - a potion of mutation
 p - a potion of flight {unknown}
 t - 2 potions of attraction {unknown}
 A - a potion of curing
 B - a potion of ambrosia {unknown}
 D - 2 potions of haste {unknown}
 H - a potion of lignification {unknown}


   Skills:
 + Level 5.7 Fighting
 * Level 7.1 Axes
 + Level 4.7 Armour
 + Level 3.8 Dodging
 + Level 4.8 Shields
 + Level 4.1 Evocations


You had 8 spell levels left.
You didn't know any spells.
Your spell library contained the following spells:

 Spells                   Type           Power      Damage    Failure   Level
 Shock                    Conj/Air       0%         1d3       96%         1
 Swiftness                Air            0%         N/A       99%         2
 Static Discharge         Conj/Air       0%         N/A       100%        3
 Airstrike                Air            0%         N/A       100%        4
 Lightning Bolt           Conj/Air       0%         1d11      100%        5


Dungeon Overview and Level Annotations

Branches:
Dungeon (9/15)             Temple (0/1) D:6
   Lair: D:8-11         Orc: D:9-12

Altars:
Cheibriados
Elyvilon
Fedhas
Gozag
Hepliaklqana
Nemelex Xobeh
Sif Muna
Uskayaw
Vehumet
Yredelemnul
Zin
The Shining One


Innate Abilities, Weirdness & Mutations

Your serpentine skin is tough. (AC +3)
You have supernaturally acute eyesight. (SInv)
Armour fits poorly on your strangely shaped body.
Your system is resistant to poisons. (rPois)
You cover ground very slowly.
You can spit poison.
You have a snake-like lower body.


Message History

The yak gores you.
You slash the yak!
The yak is almost dead.
You block the yak's attack. The yak gores you.
Your shield and chain mail prevent you from hitting the yak.
The yak is almost dead.
The yak closely misses you.
Unknown command.
You hit the yak.
You kill the yak!
You hit the yak.
The yak is lightly wounded.
You block the yak's attack. x2
You slash the yak!
The yak is heavily wounded.
The yak gores you.
You hit the yak.
The yak is severely wounded.
You block the yak's attack.
You closely miss the yak.
The yak is heavily wounded.
The yak closely misses you. The yak gores you!
* * * LOW HITPOINT WARNING * * *
You hit the yak but do no damage.
The yak is heavily wounded.
You block the yak's attack.
You hit the yak.
The yak is severely wounded.
The yak gores you.
* * * LOW HITPOINT WARNING * * *
You hit the yak but do no damage.
The yak is severely wounded.
The yak gores you.
* * * LOW HITPOINT WARNING * * *
Unknown command.
You hit the yak but do no damage.
The yak is severely wounded.
The yak gores you!
You die...
Your body crumbles into a pile of gold.

# #.# ###.### $
.....# #.#.## #
#....## ######( #
#.....##....... #
#.....@Y.# #
####.....#### #
#.......## #
#.###..## # #.#
#..# #
#.###.###..# #
#....#...(.#
########.###.....
.........# ######


You could see a yak.

Vanquished Creatures
  Grinder (D:5)
  Sigmund (D:3)
  2 yaks (D:9)
  An ice beast (D:7)
  An orc warrior (D:6)
  4 ogres
  2 phantoms
  A centaur (D:8)
  3 bullfrogs
  2 howler monkeys (D:8)
  2 jellies
  3 hounds
  4 orc priests
  A bullfrog skeleton (D:9)
  2 iguanas
  Ijyb (D:3)
  Natasha (thrice) (D:3)
  5 orc wizards
  3 worker ants
  A hound zombie (D:5)
  4 gnolls (D:9)
  6 adders
  A shadow imp (D:7)
  2 white imps
  2 ufetubi
  An adder skeleton (D:4)
  4 worms (D:2)
  8 leopard geckos
  20 orcs
  2 ball pythons
  7 bats
  4 giant cockroaches
  2 gnoll zombies (D:4)
  10 goblins
  6 hobgoblins
  7 jackals
  5 quokkas
  5 frilled lizards
  2 goblin skeletons (D:7)
  A goblin zombie (D:7)
  4 hobgoblin zombies (D:7)
  13 kobolds
  A leopard gecko skeleton (D:4)
  An orc skeleton (D:7)
  2 orc zombies (D:7)
  A quokka skeleton (D:4)
  2 quokka zombies (D:6)
  6 rats
172 creatures vanquished.

Vanquished Creatures (others)
  2 plants (D:2)
2 creatures vanquished.

Grand Total: 174 creatures vanquished

Notes
Turn   | Place    | Note
-------+----------+-------------------------------------------
     0 | D:1      | sahdkjhfkaj the Naga Fighter began the quest for the Orb.
     0 | D:1      | Reached XP level 1. HP: 21/21 MP: 1/1
   185 | D:1      | Reached XP level 2. HP: 28/28 MP: 2/2
   698 | D:1      | Reached XP level 3. HP: 34/34 MP: 3/3
  1242 | D:2      | Found a blossoming altar of Fedhas.
  1552 | D:2      | Reached XP level 4. HP: 34/42 MP: 4/4
  1643 | D:2      | Reached skill level 3 in Axes
  1764 | D:2      | Reached skill level 1 in Dodging
  2568 | D:3      | Noticed Ijyb
  2598 | D:3      | Killed Ijyb
  2599 | D:3      | Reached XP level 5. HP: 8/49 MP: 5/5
  2932 | D:3      | Noticed Natasha
  2948 | D:3      | Killed Natasha
  3053 | D:3      | Noticed Natasha
  3059 | D:3      | Killed Natasha
  3160 | D:3      | Noticed Natasha
  3167 | D:3      | Killed Natasha
  3431 | D:3      | Noticed Sigmund
  3435 | D:3      | Killed Sigmund
  3436 | D:3      | Reached skill level 4 in Axes
  3436 | D:3      | Reached skill level 1 in Evocations
  3436 | D:3      | Reached XP level 6. HP: 57/57 MP: 6/6
  3475 | D:3      | HP: 2/57 [orc wizard/+0 dagger (1)]
  3481 | D:3      | Reached XP level 7. HP: 19/64 MP: 7/7
  4871 | D:4      | Reached skill level 5 in Axes
  4896 | D:4      | Reached XP level 8. HP: 28/73 MP: 8/8
  5192 | D:4      | Found a basalt altar of Yredelemnul.
  5238 | D:4      | Found a glowing silver altar of Zin.
  5624 | D:5      | Entered Level 5 of the Dungeon
  5692 | D:5      | Found a hide-covered altar of Uskayaw.
  5739 | D:5      | Found an opulent altar of Gozag.
  5767 | D:5      | Became a worshipper of Gozag Ym Sagoz the Greedy
  5935 | D:5      | Noticed Grinder
  5956 | D:5      | Killed Grinder
  6433 | D:5      | Found a snail-covered altar of Cheibriados.
  6723 | D:6      | Found a staircase to the Ecumenical Temple.
  7083 | D:6      | HP: 1/73 [orc warrior/+0 halberd (21)]
  7088 | D:6      | Reached skill level 5 in Fighting
  7088 | D:6      | Reached skill level 6 in Axes
  7528 | D:6      | Found a glowing golden altar of the Shining One.
  7528 | D:6      | Found a white marble altar of Elyvilon.
  7528 | D:6      | Found a hazy altar of Hepliaklqana.
  8064 | D:7      | Reached XP level 9. HP: 77/81 MP: 9/9
  8118 | D:7      | Found a glowing golden altar of the Shining One.
  8390 | D:7      | Found a shimmering blue altar of Sif Muna.
  8391 | D:7      | Found a radiant altar of Vehumet.
  9385 | D:8      | Found a sand-covered staircase.
  9701 | D:9      | Found a sparkling altar of Nemelex Xobeh.
  9726 | D:9      | HP: 3/81 [orc warrior/boomerang (8)]
  9741 | D:9      | Noticed a two-headed ogre
 10149 | D:9      | Reached skill level 7 in Axes
 10166 | D:9      | Slain by a yak

Illustrated notes

Levels and vault maps discovered:
D:1:      giann_horns, layout_basic, hex_intersection
D:2:      layout_basic, fedhas_ov_isle_minmay
D:3:      layout_basic, uniq_sigmund, uniq_natasha, uniq_ijyb
D:4:      layout_cave_pools, overflow_temple_1_default,
          lemuel_zombie_altar_yredelemnul
D:5:      layout_cave_pods, kennysheep_mini, nicolae_overflow_crystal_walls,
          basic_altar, hangedman_decor_points, uniq_grinder
D:6:      layout_cave_pods, gammafunk_temple_overflow_claw,
          minmay_temple_entry_mist
D:7:      layout_basic, grunt_temple_overflow_open, nicolae_tso_besieged_by_evil
D:8:      wander_river, layout_rooms, nicolae_overflow_hidden_temple,
          enter_ossuary_3, minmay_misc_feat_hallway
D:9:      layout_loops_ring, pdpol_wu_jian_five_deadly_venoms,
          nemelex_xobeh_ov_fountains_minmay, uniq_maggie

Skill      XL: |  1  2  3  4  5  6  7  8  9 |
---------------+----------------------------+-----
Axes           | 3 4 5 6 7 |  7.1
Dodging        | 1 2 3 |  3.8
Shields        | 3 4 |  4.8
Armour         | 3 4 |  4.7
Evocations     | 1 2 3 4 |  4.1
Fighting       | 4 5 |  5.7

Action                   |  1- 3 |  4- 6 |  7- 9 || total
-------------------------+-------+-------+-------++-------
Melee: War axe           |    79 |   124 |   354 ||   557
 Abil: Spit Poison       |    20 |    14 |    18 ||    52
Evoke: Wand              |       |     5 |     4 ||     9
  Use: Potion            |       |     5 |     3 ||     8
       Scroll            |       |     4 |     6 ||    10
Armor: Scale mail        |    46 |    67 |       ||   113
       Chain mail        |       |       |   145 ||   145
Dodge: Dodged            |    22 |    40 |   118 ||   180
Block: Kite shield       |    64 |    83 |   212 ||   359

Table legend: (Time is in decaauts)
 A = Elapsed time spent in this place.
 B = Non-inter-level travel time spent in this place.
 C = Inter-level travel time spent in this place.
 D = Time resting spent in this place.
 E = Time spent auto-exploring this place.
 F = Levels seen in this place.
 G = Mean time per level.
                   A        B        C        D        E       F      G
               +--------+--------+--------+--------+--------+-----+--------+
         Total |  12450 |  12049 |    401 |    473 |  10050 |   9 | 1383.3 |
       Dungeon |  12450 |  12049 |    401 |    473 |  10050 |   9 | 1383.3 |
               +--------+--------+--------+--------+--------+-----+--------+

Top non-repeatable levels by time:
     D:3: 2023 daAuts
     D:2: 1680 daAuts
     D:4: 1582 daAuts
     D:7: 1436 daAuts
     D:1: 1420 daAuts
     D:6: 1399 daAuts
     D:5: 1327 daAuts
     D:8: 1216 daAuts
     D:9: 363 daAuts
